AoeStats
← 东京节度使

Fortress

508217824Analyzed
4v4 RM · 10d ago on Sep 21, 2026· 84m 16s· 8 players
Game mode
Random Map
Map size
Huge
Population
200
Speed
Normal
Resources
Standard
Victory
Conquest
Starting age
Dark Age
Ending age
Imperial Age
RankedLock teamsTeams togetherTeam positionsShared explorationLock speedFull tech treeHidden civsTurbo modeCheats
Victory
Defeat
🇹🇼 Mongols · Taiwan
1068
+16
🇹🇼 Bohemians · Taiwan
1068
+16
🇹🇼 Portuguese · Taiwan
1056
+16
🇨🇳 Teutons · China
1049
+16
🇨🇳 Spanish · China
1086
-17
🇧🇷 Cumans · Brazil
1069
-16
🇨🇴 Franks · Colombia
1066
-16
🇨🇳 Turks · China
1033
-15
尿尿完要膽丹丹
8:36 Feudal Age
12:23 Loom
14:51 Castle Age
13:15 Double-Bit Axe
13:31 Horse Collar
16:16 Bow Saw
17:20 Wheelbarrow
21:49 Squires
28:59 Imperial Age
27:07 Arson
27:08 Pikeman
28:06 Scale Mail Armor
27:57 Fletching
28:08 Padded Archer Armor
28:18 Forging
28:47 Treadmill Crane
30:41 Chemistry
30:03 Ballistics
29:28 Elite Skirmisher
31:23 Conscription
31:30 Bodkin Arrow
31:50 Chain Mail Armor
32:11 Iron Casting
32:18 Hand Cart
31:48 Town Watch
33:22 Iron Casting
33:03 Leather Archer Armor
35:18 Plate Mail Armor
35:04 Leather Archer Armor
36:28 Halberdier
41:16 Town Patrol
42:13 Wagenburg Tactics
47:28 Two-Man Saw
50:47 Heavy Plow
52:52 Murder Holes
53:08 Fortified Wall
56:33 Man-at-Arms
57:54 Houfnice
61:53 Blast Furnace
60:59 Scale Barding Armor
61:03 Siege Engineers
65:02 Ring Archer Armor
65:28 Bombard Tower
84:58 Coinage
84:32 Caravan
85:03 Guilds
脫光看大街
0:44 Loom
7:09 Feudal Age
11:02 Castle Age
10:22 Double-Bit Axe
14:08 Fletching
24:00 Wheelbarrow
23:42 Squires
24:53 Gold Mining
25:34 Bow Saw
24:46 Man-at-Arms
27:03 Hand Cart
26:44 Arson
26:36 Long Swordsman
28:33 Ballistics
28:36 Bodkin Arrow
28:41 Padded Archer Armor
28:53 Forging
28:48 Scale Barding Armor
32:10 Leather Archer Armor
31:22 Pikeman
34:39 Imperial Age
32:56 Gold Shaft Mining
32:11 Stone Mining
32:04 Horse Collar
33:06 Iron Casting
32:36 Scale Barding Armor
32:51 Thumb Ring
34:57 Stone Shaft Mining
34:25 Heavy Plow
35:19 Chain Barding Armor
34:56 Capped Ram
35:59 Drill
35:41 Nomads
35:45 Bracer
36:46 Blast Furnace
38:11 Chemistry
37:16 Siege Engineers
36:39 Two-Handed Swordsman
39:18 Parthian Tactics
39:14 Town Watch
39:34 Scale Mail Armor
38:58 Champion
39:28 Siege Ram
42:17 Elite Mangudai
44:46 Caravan
46:28 Chain Mail Armor
49:04 Fortified Wall
48:50 Murder Holes
49:06 Masonry
54:13 Town Patrol
57:18 Light Cavalry
57:58 Husbandry
58:08 Bloodlines
60:44 Hussar
80:02 Spies/Treason
習包子小學生
6:40 Feudal Age
7:09 Double-Bit Axe
10:27 Loom
13:35 Horse Collar
16:19 Castle Age
17:27 Bow Saw
18:18 Fletching
29:27 Gold Mining
34:11 Imperial Age
37:57 Bodkin Arrow
39:05 Chemistry
44:18 Two-Man Saw
46:12 Wheelbarrow
46:21 Wheelbarrow
49:10 Cavalier
49:41 Pikeman
50:54 Forging
51:02 Capped Ram
51:53 Halberdier
53:18 Iron Casting
52:49 Scale Barding Armor
52:44 Scale Mail Armor
54:15 Bloodlines
54:08 Husbandry
54:47 Bombard Tower
54:54 Gambesons
54:54 Arson
61:01 Bracer
61:11 Siege Engineers
61:27 Ballistics
60:48 Treadmill Crane
60:58 Town Watch
61:30 Hand Cart
71:00 Blast Furnace
70:21 Chain Barding Armor
70:17 Chain Mail Armor
70:02 Padded Archer Armor
70:23 Thumb Ring
77:32 Plate Mail Armor
77:37 Plate Barding Armor
77:17 Leather Archer Armor
77:19 Masonry
82:24 Spies/Treason
84:06 Stone Mining
84:51 Architecture
84:53 Ring Archer Armor
84:25 Town Patrol
84:58 Conscription
84:40 Circumnavigation
84:42 Arquebus
vper1490
8:22 Feudal Age
10:09 Double-Bit Axe
10:08 Horse Collar
12:10 Wheelbarrow
14:06 Castle Age
13:02 Scale Mail Armor
13:13 Forging
14:51 Loom
16:09 Bow Saw
16:03 Heavy Plow
20:48 Gambesons
20:24 Man-at-Arms
23:00 Gold Mining
23:17 Stone Mining
27:34 Imperial Age
26:15 Hand Cart
25:49 Town Watch
25:55 Town Watch
26:13 Padded Archer Armor
26:04 Fletching
27:12 Leather Archer Armor
27:09 Bodkin Arrow
29:48 Chemistry
29:09 Ballistics
30:31 Ring Archer Armor
30:18 Chain Mail Armor
30:53 Fortified Wall
32:04 Stone Shaft Mining
31:31 Pikeman
32:12 Squires
33:29 Plate Mail Armor
33:35 Iron Casting
33:28 Town Patrol
35:12 Halberdier
36:54 Blast Furnace
48:48 Elite Skirmisher
58:50 Arson
RzBol
8:16 Feudal Age
9:00 Double-Bit Axe
10:11 Wheelbarrow
12:56 Castle Age
13:12 Gold Mining
13:56 Bow Saw
20:23 Hand Cart
19:59 Town Watch
20:40 Stone Mining
23:42 Scale Barding Armor
24:05 Loom
24:29 Husbandry
27:32 Imperial Age
25:23 Scale Mail Armor
26:38 Gold Shaft Mining
26:39 Chain Mail Armor
27:47 Forging
28:43 Chain Barding Armor
29:31 Chemistry
29:02 Cavalier
30:18 Conscription
29:37 Pikeman
30:18 Squires
30:50 Town Patrol
31:33 Iron Casting
31:47 Paladin
33:53 Plate Mail Armor
34:02 Chivalry
34:17 Man-at-Arms
35:46 Plate Barding Armor
36:14 Blast Furnace
36:09 Padded Archer Armor
37:17 Fletching
40:49 Bodkin Arrow
41:09 Leather Archer Armor
42:55 Ballistics
42:55 Fervor
46:52 Hoardings
46:30 Masonry
46:26 Siege Engineers
46:08 Arrowslits
53:11 #83
56:03 Light Cavalry
57:28 Elite Throwing Axeman
59:00 Long Swordsman
xX_Miliano_Xx
0:56 Loom
8:06 Feudal Age
8:57 Double-Bit Axe
8:56 Horse Collar
12:49 Padded Archer Armor
13:39 Wheelbarrow
13:42 Scale Mail Armor
17:15 Fletching
23:56 Castle Age
23:07 Gold Mining
23:53 Forging
24:10 Capped Ram
24:12 Crossbowman
25:21 Leather Archer Armor
26:07 Bodkin Arrow
25:37 Pikeman
26:57 Heavy Plow
27:29 Stone Mining
29:49 Hand Cart
29:49 Bow Saw
29:12 Elite Skirmisher
31:20 Chain Mail Armor
32:15 Squires
34:06 Iron Casting
34:48 Thumb Ring
39:46 Steppe Husbandry
43:52 Imperial Age
东京节度使
1:24 Loom
7:21 Feudal Age
14:38 Castle Age
13:00 Horse Collar
14:26 Double-Bit Axe
14:32 Gold Mining
23:16 Wheelbarrow
24:00 Heavy Plow
25:38 Bow Saw
26:00 Town Watch
29:40 Imperial Age
27:15 Husbandry
27:26 Bloodlines
27:26 Scale Barding Armor
30:53 Conscription
32:08 Stone Mining
34:10 Hand Cart
34:23 Elite Conquistador
36:27 Chain Barding Armor
36:18 Forging
39:44 Iron Casting
44:12 Blast Furnace
43:49 Plate Barding Armor
43:31 Cavalier
48:19 Supremacy
55:16 Masonry
gongyi528
Connection lost

Rejoining the realm…

Still unreachable

The connection could not be restored.

Session expired

The server has moved on; the page needs a fresh start.